 Dungeon Crawl Stone Soup version 0.26-a0-1132-ge9770dfcb6 (webtiles) character file.

Game seed: 2786355795942148808

53 hehateme the Skirmisher (level 3, 25/25 (35) HPs)
             Began as a Gnoll Wanderer on Dec 19, 2020.
             Got out of the dungeon alive.
             The game lasted 00:02:56 (1185 turns).

hehateme the Skirmisher (Gnoll Wanderer)            Turns: 1185, Time: 00:02:57

HP:   25/25 (35)    AC:  9    Str: 12    XL:     3   Next: 87%
MP:   4/4           EV:  4    Int: 18    God:
Gold: 12            SH:  9    Dex: 13    Spells: 4/4 levels left

rFire    . . .     SeeInvis .   a - +0 spear
rCold    . . .     Faith    .   b - +0 kite shield
rNeg     . . .     Spirit   .   g - +0 chain mail
rPois    .         Reflect  .   c - +0 hat
rElec    .         Harm     .   (no cloak)
rCorr    .         Rampage  .   (no gloves)
Will     .....                  (no boots)
Stlth    ..........             (no amulet)
HPRegen  0.08/turn              (no ring)
MPRegen  0.09/turn              (no ring)

@: very heavily drained
A: distributed training, fangs 1, strong nose
a: no special abilities


You escaped.
You visited 1 branch of the dungeon, and saw 2 of its levels.

You collected 12 gold pieces.

Inventory:

Hand Weapons
 a - a +0 spear (weapon)
 e - a +0 dagger
Missiles
 i - 41 stones (quivered)
 j - 14 sling bullets
 k - 8 boomerangs
 m - 36 arrows
 Q - 17 bolts
Armour
 b - a +0 kite shield (worn)
 c - a +0 hat (worn)
 d - a +0 robe
 g - a +0 chain mail (worn)
Jewellery
 l - a cursed ring of teleportation {unknown}
Scrolls
 f - 4 scrolls of identify {unknown}
 h - a scroll of remove curse {unknown}
 t - a scroll of teleportation


   Skills:
 + Level 6.5 Fighting
 + Level 1.0 Short Blades
 + Level 1.0 Long Blades
 + Level 1.0 Axes
 + Level 1.0 Maces & Flails
 + Level 1.0 Polearms
 + Level 1.0 Staves
 + Level 1.0 Slings
 + Level 1.0 Bows
 + Level 1.0 Crossbows
 + Level 1.0 Throwing
 + Level 4.6 Armour
 + Level 1.0 Dodging
 + Level 6.0 Stealth
 + Level 4.6 Shields
 + Level 1.0 Unarmed Combat
 + Level 1.0 Spellcasting
 + Level 0.7 Conjurations
 + Level 0.7 Hexes
 + Level 0.7 Summonings
 + Level 0.7 Necromancy
 + Level 0.7 Translocations
 + Level 0.7 Transmutations
 + Level 0.7 Fire Magic
 + Level 0.7 Ice Magic
 + Level 0.7 Air Magic
 + Level 0.7 Earth Magic
 + Level 0.7 Poison Magic
 + Level 1.0 Invocations
 + Level 1.0 Evocations


You had 4 spell levels left.
You didn't know any spells.
Your spell library was empty.

Dungeon Overview and Level Annotations

Branches:
Dungeon (2/15)

Altars:
Wu Jian


Innate Abilities, Weirdness & Mutations

Your experience applies equally to all skills.
You have very sharp teeth.
Your uncanny sense of smell can sniff out nearby items.


Message History

The jackal bites you but does no damage.
The jackal barely misses you.
You hit the jackal.
You kill the jackal!
Done exploring.
Health restored: 25 Done exploring.
Done exploring.
Done exploring.
No target in view!
No target in view!
Items here: )) ÷÷.
There is a stone staircase leading down here.
Items here: ))) ÷÷.
There is a staircase leading out of the dungeon here.
Your library has no spells.
Are you sure you want to leave the Dungeon?
This will make you lose the game!
Alright, then stay!
Are you sure you want to leave the Dungeon?
This will make you lose the game!
You have escaped!

###########
#....@....#
#.........#
#.#.....#.#
#.........#
#.........#
#.#.....#.#
#.........#
#.........#
#.#.....#.#

Skill      XL: |  1  2  3 |
---------------+----------+-----
Stealth        | 6 |  6.0
Invocations    | 1 |  1.0
Short Blades   | 1 |  1.0
Long Blades    | 1 |  1.0
Axes           | 1 |  1.0
Maces & Flails | 1 |  1.0
Polearms       | 1 |  1.0
Staves         | 1 |  1.0
Slings         | 1 |  1.0
Bows           | 1 |  1.0
Crossbows      | 1 |  1.0
Throwing       | 1 |  1.0
Dodging        | 1 |  1.0
Unarmed Combat | 1 |  1.0
Spellcasting   | 1 |  1.0
Evocations     | 1 |  1.0
Fighting       | |  6.5
Armour         | |  4.6
Shields        | |  4.6
Conjurations   | |  0.7
Hexes          | |  0.7
Summonings     | |  0.7
Necromancy     | |  0.7
Translocations | |  0.7
Transmutations | |  0.7
Fire Magic     | |  0.7
Ice Magic      | |  0.7
Air Magic      | |  0.7
Earth Magic    | |  0.7
Poison Magic   | |  0.7

Notes
Turn   | Place    | Note
-------+----------+-------------------------------------------
     0 | D:1      | hehateme the Gnoll Wanderer began the quest for the Orb.
     0 | D:1      | hehateme set off with the following items: a +0 spear, a +0
                  | kite shield, a +0 robe, a +0 dagger, a scroll of
                  | teleportation
     0 | D:1      | Reached XP level 1. HP: 23/23 MP: 1/1
   182 | D:1      | Reached XP level 2. HP: 29/29 MP: 2/2
   799 | D:2      | Reached XP level 3. HP: 35/35 MP: 3/3
   814 | D:2      | Noticed Robin
   845 | D:1      | Reached skill level 6 in Stealth
  1008 | D:2      | Reached skill level 1 in Invocations
  1018 | D:2      | Found an ornate altar of the Wu Jian Council.
  1050 | D:2      | Killed Robin
  1051 | D:2      | Reached skill level 1 in Short Blades
  1051 | D:2      | Reached skill level 1 in Long Blades
  1051 | D:2      | Reached skill level 1 in Axes
  1051 | D:2      | Reached skill level 1 in Maces & Flails
  1051 | D:2      | Reached skill level 1 in Polearms
  1051 | D:2      | Reached skill level 1 in Staves
  1051 | D:2      | Reached skill level 1 in Slings
  1051 | D:2      | Reached skill level 1 in Bows
  1051 | D:2      | Reached skill level 1 in Crossbows
  1051 | D:2      | Reached skill level 1 in Throwing
  1051 | D:2      | Reached skill level 1 in Dodging
  1051 | D:2      | Reached skill level 1 in Unarmed Combat
  1051 | D:2      | Reached skill level 1 in Spellcasting
  1051 | D:2      | Reached skill level 1 in Evocations
  1185 | D:$      | Got out of the dungeon alive.

Table legend: (Time is in decaauts)
 A = Elapsed time spent in this place.
 B = Non-inter-level travel time spent in this place.
 C = Inter-level travel time spent in this place.
 D = Time resting spent in this place.
 E = Time spent auto-exploring this place.
 F = Levels seen in this place.
 G = Mean time per level.
                   A        B        C        D        E       F      G
               +--------+--------+--------+--------+--------+-----+--------+
         Total |   1199 |   1143 |     56 |     85 |    745 |   2 |  599.5 |
       Dungeon |   1199 |   1143 |     56 |     85 |    745 |   2 |  599.5 |
               +--------+--------+--------+--------+--------+-----+--------+

Top non-repeatable levels by time:
     D:1: 1065 daAuts
     D:2: 134 daAuts

Table legend:
 A = Kills in this place as a percentage of kills in entire the game.
 B = Kills by you in this place as a percentage of kills by you in the entire game.
 C = Kills by friends in this place as a percentage of kills by friends in the entire game.
 D = Other kills in this place as a percentage of other kills in the entire game.
 E = Experience gained in this place as a percentage of experience gained in the entire game.
 F = Experience gained in this place divided by the number of levels of this place that you have seen.
                   A       B       C       D       E      F
               +-------+-------+-------+-------+-------+----------------------
         Total | 100.0 | 100.0 |   N/A |   N/A | 100.0 |  38.0
       Dungeon | 100.0 | 100.0 |   N/A |   N/A | 100.0 |  38.0
               +-------+-------+-------+-------+-------+----------------------

Action                   || total
-------------------------++-------
Melee: Spear             ||   130
       Bite              ||    11
       Unarmed           ||     5
Throw: Stone             ||    16
 Stab: Sleeping          ||     1
Armor: Chain mail        ||    85
       Robe              ||     2
       Skin              ||     9
Dodge: Dodged            ||    42
Block: Kite shield       ||    72

Vanquished Creatures
  Robin (D:2)
  2 dart slugs (D:1)
  4 bats (D:1)
  A giant cockroach (D:1)
  8 goblins
  7 hobgoblins
  3 jackals (D:1)
  A frilled lizard (D:1)
  3 kobolds (D:1)
  2 rats (D:1)
32 creatures vanquished. There were no monsters in sight!

Levels and vault maps discovered:
D:1:      lemuel_arrival_broad_hall, layout_basic, dk_noncrumbling_4,
          minmay_misc_feat_doors
D:2:      layout_basic, lemuel_doored_altar, fedhas_altar_fruit_tree,
          minmay_misc_feat_room, uniq_robin
